cohdb
Replays
Latest Replays
All Replays
Popular Replays
Top Player Replays
Match Explorer
How It Works
Community
CoH3 Stats
Reddit
Sign in to upload your games and track your stats! →
Sign in with Steam
Match 41067252
Unlisted
Match 41067252
Overview
Messages
Build Orders
End
Kettenkrad Recon Vehicle
Construct Infanterie Kompanie
Selects Mechanized Battlegroup
MG 42 Machine Gun Team
Grenadier Squad
GrW 34 Mortar Team
Grenadier Squad
Infanterie Officer Quarters
Construct Panzergrenadier Kompanie
Medical Station
Selects Mobile Repair Stations
251 Medium Carrier
Pak 40 Anti-tank Gun Team
Selects Raid Package
Panzergrenadier Squad
Selects StuG Assault Group
StuG Assault Group
Pioneer Squad
Support Elements
Gatom
173687052
0.0
Furioushofman
pm★Elijah
Aggitator
0
0
Comments
sign in to comment!
No comments posted yet!